 Dungeon Crawl Stone Soup version 0.21-a0 (webtiles) character file.

116 tyvek the Skirmisher (level 5, -8/28 HPs)
             Began as a Vine Stalker Fighter on May 18, 2017.
             Killed by divine providence
             ... invoked by an orc priest
              (13 damage)
             ... on level 3 of the Dungeon.
             The game lasted 00:02:55 (1835 turns).

tyvek the Skirmisher (Vine Stalker Fighter)         Turns: 1835, Time: 00:02:55

Health: -8/28      AC:  9    Str: 20    XL:     5   Next: 1%
Magic:  0/6        EV:  5    Int:  8    God:
Gold:   56         SH:  9    Dex: 13    Spells: 4/4 levels left

rFire    + . .     SeeInvis .   b - +4 short sword (venom)
rCold    + . .     Gourm    .   c - +0 shield
rNeg     . . .     Faith    .   o - +0 chain mail
rPois    .         Spirit   +   (no helmet)
rElec    .         Reflect  .   k - scarf {rC+ rF+}
rCorr    .         Harm     .   (no gloves)
MR       .....                  (no boots)
Stlth    ..........             g - amulet of regeneration (curse)
Regen    0.9/turn               (no ring)
MPRegen  0.1/turn               (no ring)

@: no status effects
A: fangs 2, regeneration 1, magic shield, antimagic bite, no potion heal 3, rot
immunity
a: no special abilities


You were on level 3 of the Dungeon.
You were very hungry.

You visited 1 branch of the dungeon, and saw 3 of its levels.

You collected 56 gold pieces.


Innate Abilities, Weirdness & Mutations

You have extremely sharp teeth.
Your natural rate of healing is unusually fast.
When hurt, damage is shared between your health and your magic reserves.
Your bite disrupts and absorbs the magic of your enemies.
Potions cannot restore your health.
You are immune to rotting.


   Skills:
 + Level 3.2 Fighting
 * Level 3.1 Short Blades
 + Level 3.1 Armour
 + Level 3.1 Shields


You had 4 spell levels left.
You didn't know any spells.

Inventory:

Hand Weapons
 a - a +1 rapier
 b - a +4 short sword of venom (weapon)
Armour
 c - a +0 shield (worn)
 k - a scarf of resistance (worn)
 o - a +0 chain mail (worn)
Jewellery
 g - a cursed amulet of regeneration (around neck)
Scrolls
 l - a scroll of identify {@r1}
Potions
 d - 2 potions of might
 e - a potion of magic
 j - a potion of mutation {!q}
 p - 2 potions of curing {@q1}
Comestibles
 f - 2 bread rations {@e1}
 m - a royal jelly {@e3}

Dungeon Overview and Level Annotations

Branches:
Dungeon (3/15)

Altars:

.......#
.[.....
.......#
.......
.##.##<#
.......
.#..##.#
.......
.#.###.#
....(..
.#.###.#
.....o.##
.......#
.......g#
##.##### #)#
#.#
####@####.#
#.#
#.........#
#.##### #
#.##.######
#.....#
#.##.##.#
#####.#
#.......#
#.######.####
#........#
##########


You could see an orc priest and a goblin.


Message History

The orc is lightly wounded.
The orc barely misses you. You block the goblin's attack.
Your shield and chain mail prevent you from hitting the orc.
The orc is moderately wounded.
You block the orc's attack.
The orc priest calls down the wrath of Beogh upon you.
Beogh smites you!
Ouch! That really hurt!
* * * LOW HITPOINT WARNING * * *
You block the goblin's attack.
You are too injured to fight recklessly!
You are too injured to fight recklessly!
You are too injured to fight recklessly!
Unknown command.
You are too injured to fight recklessly!
You are too injured to fight recklessly!
You are too injured to fight recklessly!
You are too injured to fight recklessly!
You hit the orc but do no damage.
The orc looks as sick as possible!
The orc is severely wounded.
The orc hits you but does no damage.
The orc priest calls down the wrath of Beogh upon you.
Beogh smites you!
* * * LOW HITPOINT WARNING * * *
You hit the orc.
You kill the orc!
You have reached level 5!
The orc priest invokes the aid of Beogh against you.
Beogh smites you!
You die...

Skill      XL: |  1  2  3  4 |
---------------+-------------+-----
Short Blades   | 2 3 |  3.1
Fighting       | 3 |  3.2
Shields        | 3 |  3.1
Armour         | 3 |  3.1

Action                   |  1- 3 |  4- 6 || total
-------------------------+-------+-------++-------
Melee: Rapier            |    71 |       ||    71
       Bite              |    19 |    11 ||    30
       Short sword       |    22 |    54 ||    76
  Use: Potion            |     1 |       ||     1
       Scroll            |       |     4 ||     4
  Eat: Chunk             |     1 |     1 ||     2
Armor: Scale mail        |    14 |       ||    14
       Chain mail        |    24 |    30 ||    54
Dodge: Dodged            |    13 |    11 ||    24
Block: Shield            |    45 |    20 ||    65

Vault maps used:
D:1:      lemuel_arrival_behind_the_door_large, serial_glass, glass_columns_b,
          glass_columns_a, glass_columns_b, glass_columns_c, glass_columns_c,
          glass_columns_a
D:2:      chequers_ecumenical_altar_simple_redux, st_stairs_11, corexii_shack,
          kennysheep_generic_room_16, uniq_terence

Notes
Turn   | Place    | Note
-------+----------+-------------------------------------------
     0 | D:1      | tyvek the Vine Stalker Fighter began the quest for the Orb.
     0 | D:1      | Reached XP level 1. HP: 11/11 MP: 2/2
    80 | D:1      | Reached skill level 2 in Short Blades
   163 | D:1      | Reached XP level 2. HP: 13/16 MP: 3/3
   296 | D:1      | Identified a scarf of resistance (You found it on level 1 of the Dungeon)
   555 | D:1      | Reached XP level 3. HP: 19/19 MP: 4/4
   937 | D:2      | Reached skill level 3 in Fighting
  1232 | D:2      | Noticed Terence
  1242 | D:2      | Killed Terence
  1242 | D:2      | Reached skill level 3 in Shields
  1242 | D:2      | Gained mutation: Your natural rate of healing is unusually fast. [Vine Stalker growth]
  1242 | D:2      | Reached XP level 4. HP: 24/24 MP: 5/5
  1272 | D:2      | Reached skill level 3 in Short Blades
  1292 | D:2      | Found a faded altar of an unknown god.
  1318 | D:2      | Reached skill level 3 in Armour
  1835 | D:3      | Reached XP level 5. HP: 4/28 MP: 0/6
  1835 | D:3      | Killed from afar by an orc priest

Vanquished Creatures
  Terence (D:2)
  3 adders (D:2)
  A worm (D:2)
  A dart slug (D:1)
  3 leopard geckos (D:1)
  An orc (D:3)
  2 giant cockroaches (D:2)
  8 goblins
  8 hobgoblins
  3 quokkas (D:2)
  7 bats
  4 frilled lizards
  8 kobolds
  4 rats
54 creatures vanquished.
